 Dungeon Crawl Stone Soup version 0.32-a0-7-ge934b4519a (webtiles) character file.

Game seed: 3565833401837186558

71 timneilson the Ruffian (level 4, -3/29 HPs)
             Began as an Octopode Shapeshifter on Jan 13, 2024.
             Slain by a gnoll
             ... wielding a +0 halberd
              (10 damage)
             ... on level 3 of the Dungeon.
             The game lasted 00:02:00 (1133 turns).

timneilson the Ruffian (Octopode Shapeshifter)      Turns: 1133, Time: 00:02:00

Health: -3/29      AC:  1    Str: 15    XL:     4   Next: 24%
Magic:  4/4        EV: 18    Int: 12    God:
Gold:   142        SH:  0    Dex: 11    Spells: 3/3 levels left

rFire   + .          .
                       - Unarmed
rCold   . . .        (no shield)
rNeg    . . .        (helmet currently unavailable)
rPois   .            (no amulet)
rElec   .            g - ring of protection from fire
rCorr   +            d - +5 ring of evasion
SInv    .            h - ring of resist corrosion
Will    .....        (no ring)
Stlth   +++          (no ring)
HPRegen 0.24/turn    (no ring)
MPRegen 0.09/turn    (no ring)
                     (no ring)

%: no passive effects
@: beast-form
A: beast (slay +1), almost no armour, amphibious, 8 rings, camouflage 1,
gelatinous body 1, (nimble swimmer 1), tentacles
a: Begin Untransformation


You were on level 3 of the Dungeon.
You were a hulking beast.
You visited 1 branch of the dungeon, and saw 3 of its levels.

You collected 142 gold pieces.

Inventory:

Jewellery
 d - a +5 ring of evasion (right tentacle)
 g - a ring of protection from fire (left tentacle)
 h - a ring of resist corrosion (on tentacle)
Talismans
 b - a beast talisman
 c - a flux talisman
Scrolls
 f - a scroll of fog
 j - a scroll of identify
Potions
 a - a potion of lignification
 e - 2 potions of brilliance {unknown}
 i - a potion of berserk rage
 k - 2 potions of curing
 l - a potion of mutation {unknown}


   Skills:
 * Level 1.9 Fighting
 * Level 2.6 Dodging
 + Level 1.6 Stealth
 * Level 3.5 Unarmed Combat
 * Level 3.4 Shapeshifting


You had 3 spell levels left.
You didn't know any spells.
Your spell library contained the following spells:

 Spells                   Type           Power      Damage    Failure   Level
 Freeze                   Ice            0%         1d3       32%         1
 Frozen Ramparts          Ice            0%         1d1       69%         3
 Hailstorm                Conj/Ice       0%         3d5       69%         3


Dungeon Overview and Level Annotations

Branches:
Dungeon (3/15)

Altars:


Innate Abilities, Weirdness & Mutations

You are a hulking beast.
Your limbs bulge with bestial killing power. (Slay +1)
You cannot wear most types of armour.
You are amphibious.
You can wear up to eight rings at the same time.
Your skin changes colour to match your surroundings (Stealth+).
Your rubbery body absorbs attacks. (AC +1, EV +1)
((You are camouflaged when in or above water. (Stealth+)))
You have tentacles for arms and can constrict up to eight enemies at once.


Message History

You see here a throwing net.
You tentacle-slap the kobold.
You kill the kobold!
You tentacle-slap the gnoll. You grab the gnoll.
The gnoll is moderately wounded.
You constrict the gnoll. The gnoll closely misses you. The gnoll misses you.
You tentacle-slap the gnoll. You squeeze the gnoll.
You kill the gnoll!
The gnoll barely misses you.
You have reached level 4!
The gnoll hits you with a +0 spear.
Items here: ( )) ††.
You completely miss the gnoll. You grab the gnoll. You constrict the gnoll.
The gnoll hits you with a +0 spear.
You tentacle-slap the gnoll.
The gnoll is heavily wounded.
You constrict the gnoll. The gnoll hits you with a +0 spear.
You tentacle-slap the gnoll but do no damage.
You squeeze the gnoll!
You kill the gnoll!
A bat comes into view.
Things that are here:
a +0 spear; a gnoll corpse A gnoll comes into view.
It is wielding a +0 halberd.
The gnoll hits you from afar with a +0 halberd!
* * * LOW HITPOINT WARNING * * *
The bat misses you. The gnoll misses you.
You tentacle-slap the gnoll. Your grab misses the gnoll.
The gnoll is moderately wounded.
The bat closely misses you. x2; The gnoll closely misses you.
You tentacle-slap the gnoll. You grab the gnoll.
The gnoll is moderately wounded.
You constrict the gnoll. The bat barely misses you.
The gnoll closely misses you.
You tentacle-slap the gnoll but do no damage.
You squeeze the gnoll.
The gnoll is severely wounded.
You constrict the gnoll. The bat misses you.
The gnoll hits you with a +0 halberd!
You die...

##### #.###. #...#
#.##.. ########...#
###.##..
#.....##...###.......
#.....)..........##..
#....)##...###.####..
#....b###### #.# #..
.###.#.....# #.# #..
.........h## ### ###
#####.....g....#
#............ .
##.........## #.
....###.#..# #.
.###.# .#.... ... .
... .. .!# .#. ##..
... ## ## .


You could see a gnoll and a bat.

Vanquished Creatures
  2 gnolls (D:3)
  An adder (D:2)
  2 dart slugs
  4 endoplasms
  2 giant cockroaches
  5 goblins (D:1)
  5 hobgoblins
  A quokka (D:1)
  4 ball pythons (D:1)
  2 bats
  A frilled lizard (D:2)
  5 kobolds
  A rat (D:3)
35 creatures vanquished.

Notes
Turn   | Place    | Note
-------+----------+-------------------------------------------
     0 | D:1      | timneilson the Octopode Shapeshifter began the quest for
                  | the Orb.
     0 | D:1      | Reached XP level 1. HP: 13/13 MP: 1/1
   141 | D:1      | Reached XP level 2. HP: 15/18 MP: 2/2
   422 | D:1      | Reached XP level 3. HP: 21/23 MP: 3/3
   628 | D:2      | Reached skill level 1 in Stealth
   854 | D:2      | Found a faded altar of an unknown god.
  1121 | D:3      | Reached XP level 4. HP: 29/29 MP: 4/4
  1133 | D:3      | Slain by a gnoll

Illustrated notes

Levels and vault maps discovered:
D:1:      minmay_arrival_wavy_path, layout_basic
D:2:      layout_rooms, basic_ecumenical_altar, minmay_misc_feat_columns
D:3:      layout_basic, nicolae_uskayaw_en_pointe,
          mainiacjoe_overflow_boulevard, serial_shops, nicolae_shop_crystal,
          minmay_misc_feat_alley, minmay_misc_feat_four_crosses

Skill      XL: |  1  2  3 |
---------------+----------+-----
Stealth        | 1 |  1.6
Fighting       | |  1.9
Dodging        | |  2.6
Unarmed Combat | |  3.5
Shapeshifting  | |  3.4

Action                     |  1- 3 |  4- 6 || total
---------------------------+-------+-------++-------
  Melee: Unarmed           |    43 |     6 ||    49
         Constrict         |    14 |     2 ||    16
         Punch             |     4 |       ||     4
         Tentacles         |    14 |     2 ||    16
    Use: Scroll            |     7 |       ||     7
   Stab: Sleeping          |     5 |       ||     5
 Armour: Skin              |    12 |     5 ||    17
  Dodge: Dodged            |    23 |     8 ||    31

Table legend: (Time is in decaauts)
 A = Elapsed time spent in this place.
 B = Non-inter-level travel time spent in this place.
 C = Inter-level travel time spent in this place.
 D = Time resting spent in this place.
 E = Time spent auto-exploring this place.
 F = Levels seen in this place.
 G = Mean time per level.
                   A        B        C        D        E       F      G
               +--------+--------+--------+--------+--------+-----+--------+
         Total |   1127 |   1088 |     39 |     23 |    819 |   3 |  375.7 |
       Dungeon |   1127 |   1088 |     39 |     23 |    819 |   3 |  375.7 |
               +--------+--------+--------+--------+--------+-----+--------+

Top non-repeatable levels by time:
     D:1: 568 daAuts
     D:2: 484 daAuts
     D:3: 75 daAuts
